 Dungeon Crawl Stone Soup version 0.28-a0-556-gab23d0e057 (webtiles) character file.

Game seed: 11410611895554611824

2440 frimble the Frost Mage (level 9, -7/65 HPs)
             Began as a Gnoll Ice Elementalist on Sept 28, 2021.
             Mangled by a wight (15 damage)
             ... summoned by Maurice
             ... on level 8 of the Dungeon.
             The game lasted 00:07:18 (7118 turns).

frimble the Frost Mage (Gnoll Ice Elementalist)     Turns: 7118, Time: 00:07:19

Health: -7/65      AC: 12    Str:  7    XL:     9   Next: 49%
Magic:  15/19      EV: 14    Int: 18    God:
Gold:   258        SH:  0    Dex: 13    Spells: 13/21 levels left

rFire   . . .      SeeInvis .   b - +2 dagger (venom)
rCold   . . .      Faith    .   (no shield)
rNeg    + . .      Spirit   .   m - +2 robe {rN+}
rPois   .          Reflect  .   (helmet restricted)
rElec   .          Harm     .   (no cloak)
rCorr   .          Rampage  .   (no gloves)
Will    .....                   (no boots)
Stlth   +++.......              (no amulet)
HPRegen 0.00/turn               (no ring)
MPRegen 0.16/turn               (no ring)

@: ice-armoured, flying, inhibited regen
A: fangs 1, strong nose, distributed training, horns 1, talons 1, inhibited
regeneration
a: no special abilities


You were on level 8 of the Dungeon.
You visited 1 branch of the dungeon, and saw 7 of its levels.

You collected 258 gold pieces.

Inventory:

Hand Weapons
 b - a +2 dagger of venom (weapon)
 g - a +0 long sword
Missiles
 o - a curare-tipped dart
Armour
 a - a +0 robe
 c - a +0 helmet
 m - a +2 robe of positive energy (worn)
Wands
 k - a wand of flame (15)
 l - a wand of digging (2)
Potions
 d - 2 potions of attraction
 e - a potion of brilliance
 f - a potion of berserk rage {unknown}
 h - a potion of might {unknown}
 n - a potion of invisibility {unknown}
 q - a potion of heal wounds {unknown}
 r - a potion of haste {unknown}


   Skills:
 + Level 4.3 Fighting
 + Level 4.3 Short Blades
 + Level 4.3 Long Blades
 + Level 4.3 Axes
 + Level 4.3 Maces & Flails
 + Level 4.3 Polearms
 + Level 4.3 Staves
 + Level 4.3 Slings
 + Level 4.3 Bows
 + Level 4.3 Crossbows
 + Level 4.3 Throwing
 + Level 4.3 Armour
 + Level 6.3 Dodging
 + Level 6.1 Stealth
 + Level 4.3 Shields
 + Level 4.3 Unarmed Combat
 + Level 6.7 Spellcasting
 + Level 3.5 Conjurations
 + Level 3.5 Hexes
 + Level 3.5 Summonings
 + Level 3.5 Necromancy
 + Level 3.5 Translocations
 + Level 3.5 Transmutations
 + Level 3.5 Fire Magic
 + Level 8.0 Ice Magic
 + Level 3.5 Air Magic
 + Level 3.5 Earth Magic
 + Level 3.5 Poison Magic
 + Level 4.7 Invocations
 + Level 4.3 Evocations


You had 13 spell levels left.
You knew the following spells:

 Your Spells              Type           Power      Damage    Failure   Level
a - Freeze                Ice            100%       1d11      1%          1
b - Frozen Ramparts       Ice            70%        1d9       1%          3
c - Ozocubu's Armour      Ice            35%        N/A       1%          3
d - Apportation           Tloc           36%        N/A       2%          1

Your spell library contained the following spells:

 Spells                   Type           Power      Damage    Failure   Level
 Call Canine Familiar     Summ           18%        N/A       8%          3
 Portal Projectile        Hex/Tloc       36%        N/A       8%          3
 Hailstorm                Conj/Ice       26%        3d7       11%         4
 Leda's Liquefaction      Hex/Erth       9%         N/A       26%         4
 Alistair's Intoxication  Tmut/Pois      12%        N/A       58%         5
 Invisibility             Hex            9%         N/A       99%         6


Dungeon Overview and Level Annotations

Branches:
Dungeon (6/15)             Temple (0/1) D:6

Altars:
Fedhas
Hepliaklqana
Kikubaaqudgha
Okawaru
Ru
Yredelemnul
Zin
The Shining One

Annotations:
D:8 Maurice


Innate Abilities, Weirdness & Mutations

You have very sharp teeth.
Your uncanny sense of smell can sniff out nearby items.
Your experience applies equally to all skills.
You have a pair of small horns on your head.
You have sharp toenails.
You do not regenerate when monsters are visible.


Message History

A gnoll comes into view. It is wielding a +0 whip.
The wall freezes something!
Something hits you.
Something steals your scroll labelled MYTAL WODEB!
Aiming: Dig
Press: ? - help, Shift-Dir - straight line The rock shatters into small pieces.
The frozen ramparts melt away.
Wisps of shadow swirl around something.
Sorry, you're not good enough to have a special ability.
Okay, then.
Unknown command.
You aren't carrying any scrolls.
Casting: Ozocubu's Armour (safe; 1% risk of failure)
Confirm with . or Enter, or press ? or * to list all spells.
Okay, then.
Unknown command.
You aren't carrying any scrolls.
It was a potion of mutation.
You feel extremely strange.
Your regeneration stops near monsters.
You feel weaker. x2
The yak bellows!
Something hits you but does no damage. The wight misses you.
Really quaff the potion of mutation? [Y]es or [N]o only, please.
Really quaff the potion of mutation? [Y]es or [N]o only, please.
Really quaff the potion of mutation?
Uppercase [Y]es or [N]o only, please.
Really quaff the potion of mutation?
You feel extremely strange.
You feel stronger. x2; A pair of horns grows on your head!
Your +0 helmet falls away!
Your toenails lengthen and sharpen.
Something hits you but does no damage. The wight hits you but does no damage.
It was a potion of flight.
You feel very buoyant.
You fly up into the air.
You hear a zap.
Your mind is blasted!
* * * LOW HITPOINT WARNING * * *
The wight hits you with a +0 great sword!
You die...

.{ #..
K..####.#
K.K.K...#
8.gg...!#
g...g..g#
#z# #z#
#z# . #@#
....####{#
#......zF#
########Y#
#.# #.#
#.# #.#


You could see a yak (summoned), a bullfrog (summoned), 4 wights and a gnoll.

Vanquished Creatures
  A komodo dragon (D:6)
  A hornet (D:6)
  4 yaks (D:6)
  A water moccasin (D:5)
  A centaur (D:5)
  A kobold brigand (D:4)
  A bullfrog (D:5)
  A gnoll sergeant (D:6)
  A scorpion (D:5)
  2 water moccasin zombies (D:5)
  A howler monkey (D:5)
  3 hounds
  2 orc priests
  A gnoll shaman (D:8)
  3 jellies
  2 centaur skeletons
  Natasha (thrice) (D:3)
  3 iguanas
  3 orc wizards
  7 adders
  5 gnolls
  A white imp (D:6)
  2 ufetubi (D:5)
  5 worms
  2 dart slugs
  17 orcs
  4 ball pythons
  11 endoplasms
  5 giant cockroaches
  5 hobgoblins
  6 jackals (D:1)
  10 kobolds
  11 quokkas
  4 bats
  6 frilled lizards
  8 goblins
  5 rats
149 creatures vanquished.

Vanquished Creatures (others)
  3 withered plants (D:1)
3 creatures vanquished.

Grand Total: 152 creatures vanquished

Notes
Turn   | Place    | Note
-------+----------+-------------------------------------------
     0 | D:1      | frimble the Gnoll Ice Elementalist began the quest for the
                  | Orb.
     0 | D:1      | Reached XP level 1. HP: 13/13 MP: 6/6
    95 | D:1      | Reached XP level 2. HP: 17/19 MP: 4/7
   348 | D:1      | Found a faded altar of an unknown god.
   610 | D:1      | Reached XP level 3. HP: 25/25 MP: 9/9
   637 | D:1      | Reached skill level 5 in Spellcasting
  1084 | D:2      | Reached skill level 1 in Invocations
  1250 | D:2      | Learned a level 3 spell: Frozen Ramparts
  1254 | D:2      | Learned a level 3 spell: Ozocubu's Armour
  1256 | D:2      | Learned a level 1 spell: Apportation
  1313 | D:2      | Reached skill level 1 in Fighting
  1313 | D:2      | Reached skill level 1 in Short Blades
  1313 | D:2      | Reached skill level 1 in Long Blades
  1313 | D:2      | Reached skill level 1 in Axes
  1313 | D:2      | Reached skill level 1 in Maces & Flails
  1313 | D:2      | Reached skill level 1 in Polearms
  1313 | D:2      | Reached skill level 1 in Staves
  1313 | D:2      | Reached skill level 1 in Slings
  1313 | D:2      | Reached skill level 1 in Bows
  1313 | D:2      | Reached skill level 1 in Crossbows
  1313 | D:2      | Reached skill level 1 in Throwing
  1313 | D:2      | Reached skill level 1 in Armour
  1313 | D:2      | Reached skill level 1 in Shields
  1313 | D:2      | Reached skill level 1 in Unarmed Combat
  1313 | D:2      | Reached skill level 1 in Evocations
  1367 | D:2      | Reached XP level 4. HP: 32/32 MP: 11/11
  2104 | D:2      | Reached skill level 1 in Conjurations
  2104 | D:2      | Reached skill level 1 in Hexes
  2104 | D:2      | Reached skill level 1 in Summonings
  2104 | D:2      | Reached skill level 1 in Necromancy
  2104 | D:2      | Reached skill level 1 in Translocations
  2104 | D:2      | Reached skill level 1 in Transmutations
  2104 | D:2      | Reached skill level 1 in Fire Magic
  2104 | D:2      | Reached skill level 1 in Air Magic
  2104 | D:2      | Reached skill level 1 in Earth Magic
  2104 | D:2      | Reached skill level 1 in Poison Magic
  2337 | D:3      | Noticed Natasha
  2348 | D:3      | Killed Natasha
  2349 | D:3      | Reached XP level 5. HP: 20/37 MP: 8/12
  3276 | D:3      | Noticed Natasha
  3285 | D:3      | Killed Natasha
  3286 | D:3      | Reached XP level 6. HP: 24/44 MP: 9/13
  3585 | D:3      | Noticed Natasha
  3591 | D:3      | Killed Natasha
  3952 | D:4      | Reached skill level 5 in Dodging
  4174 | D:4      | Found a hazy altar of Hepliaklqana.
  4655 | D:4      | Found a glowing silver altar of Zin.
  4669 | D:4      | Found an iron altar of Okawaru.
  4795 | D:4      | Found a blossoming altar of Fedhas.
  4799 | D:4      | Found a glowing golden altar of the Shining One.
  4832 | D:5      | Entered Level 5 of the Dungeon
  4836 | D:5      | Reached XP level 7. HP: 50/50 MP: 15/15
  4837 | D:5      | Found a sacrificial altar of Ru.
  4945 | D:5      | Reached skill level 5 in Stealth
  5490 | D:5      | Reached XP level 8. HP: 57/57 MP: 16/16
  5517 | D:5      | Found a glowing drain.
  5841 | D:5      | Found an ancient bone altar of Kikubaaqudgha.
  6091 | D:5      | Found a basalt altar of Yredelemnul.
  6249 | D:6      | Noticed a hornet
  6264 | D:6      | Killed a hornet
  6469 | D:6      | Noticed a yak
  6469 | D:6      | Noticed a yak
  6469 | D:6      | Noticed a yak
  6482 | D:6      | Noticed a yak
  6483 | D:6      | Killed a yak
  6484 | D:6      | Killed a yak
  6485 | D:6      | Reached XP level 9. HP: 40/65 MP: 13/18
  6666 | D:6      | Noticed a komodo dragon
  6683 | D:6      | Killed a komodo dragon
  6684 | D:6      | Reached skill level 8 in Ice Magic
  6911 | D:6      | Found a staircase to the Ecumenical Temple.
  7090 | D:6      | You fall into a shaft and drop 2 floors!
  7096 | D:8      | Noticed Maurice
  7116 | D:8      | Gained mutation: You do not regenerate when monsters are
                  | visible. [potion of mutation]
  7116 | D:8      | Gained mutation: You are weak. (Str -2) [potion of
                  | mutation]
  7116 | D:8      | Gained mutation: You are very weak. (Str -4) [potion of
                  | mutation]
  7117 | D:8      | Lost mutation: You are very weak. (Str -4) [potion of
                  | mutation]
  7117 | D:8      | Lost mutation: You are weak. (Str -2) [potion of mutation]
  7117 | D:8      | Gained mutation: You have a pair of small horns on your
                  | head. [potion of mutation]
  7117 | D:8      | Gained mutation: You have sharp toenails. [potion of
                  | mutation]
  7118 | D:8      | Mangled by a wight

Illustrated notes

Levels and vault maps discovered:
D:1:      heliophobic_arrival_henge, layout_basic,
          ebering_ecumenical_altar_petrified
D:2:      layout_loops_ring
D:3:      layout_basic, uniq_natasha
D:4:      layout_basic, worldfamousw_hep_ancestral_shrine,
          nicolae_overflow_hidden_temple, okawaru_trees_2
D:5:      layout_loops_ring, mainiacjoe_overflow_small_starburst,
          mainiacjoe_overflow_alcove_1, lemuel_zombie_altar_yredelemnul,
          gup_sewer_entry_pipe
D:6:      lemuel_ice_spiral_2, layout_basic, minmay_temple_entry_slanted,
          serial_shops, shop, uniq_grinder
D:8:      layout_basic, minmay_misc_feat_cross, grunt_ministairs_6,
          uniq_maurice, uniq_pikel

Skill      XL: |  1  2  3  4  5  6  7  8  9 |
---------------+----------------------------+-----
Spellcasting   | 5 6 |  6.7
Invocations    | 1 2 3 4 |  4.7
Fighting       | 1 2 3 4 |  4.3
Short Blades   | 1 2 3 4 |  4.3
Long Blades    | 1 2 3 4 |  4.3
Axes           | 1 2 3 4 |  4.3
Maces & Flails | 1 2 3 4 |  4.3
Polearms       | 1 2 3 4 |  4.3
Staves         | 1 2 3 4 |  4.3
Slings         | 1 2 3 4 |  4.3
Bows           | 1 2 3 4 |  4.3
Crossbows      | 1 2 3 4 |  4.3
Throwing       | 1 2 3 4 |  4.3
Armour         | 1 2 3 4 |  4.3
Shields        | 1 2 3 4 |  4.3
Unarmed Combat | 1 2 3 4 |  4.3
Evocations     | 1 2 3 4 |  4.3
Conjurations   | 1 2 3 |  3.5
Hexes          | 1 2 3 |  3.5
Summonings     | 1 2 3 |  3.5
Necromancy     | 1 2 3 |  3.5
Translocations | 1 2 3 |  3.5
Transmutations | 1 2 3 |  3.5
Fire Magic     | 1 2 3 |  3.5
Air Magic      | 1 2 3 |  3.5
Earth Magic    | 1 2 3 |  3.5
Poison Magic   | 1 2 3 |  3.5
Dodging        | 5 6 |  6.3
Stealth        | 5 6 |  6.1
Ice Magic      | 8 |  8.0

Action                   |  1- 3 |  4- 6 |  7- 9 || total
-------------------------+-------+-------+-------++-------
Melee: Dagger            |    60 |   150 |   194 ||   404
       Unarmed           |     6 |       |       ||     6
       Bite              |     4 |     8 |    19 ||    31
       Punch             |       |     1 |     2 ||     3
 Cast: Freeze            |    20 |     3 |    10 ||    33
       Frozen Ramparts   |       |     8 |    11 ||    19
       Ozocubu's Armour  |       |     4 |     7 ||    11
Evoke: Wand              |       |       |     1 ||     1
  Use: Scroll            |       |     7 |     3 ||    10
       Potion            |       |       |     3 ||     3
 Stab: Sleeping          |     7 |    14 |     4 ||    25
       Distracted        |       |     1 |       ||     1
Armor: Robe              |     6 |    22 |    47 ||    75
Dodge: Dodged            |    44 |    75 |   134 ||   253

Table legend: (Time is in decaauts)
 A = Elapsed time spent in this place.
 B = Non-inter-level travel time spent in this place.
 C = Inter-level travel time spent in this place.
 D = Time resting spent in this place.
 E = Time spent auto-exploring this place.
 F = Levels seen in this place.
 G = Mean time per level.
                   A        B        C        D        E       F      G
               +--------+--------+--------+--------+--------+-----+--------+
         Total |   7084 |   6884 |    200 |      2 |   5763 |   7 | 1012.0 |
       Dungeon |   7084 |   6884 |    200 |      2 |   5763 |   7 | 1012.0 |
               +--------+--------+--------+--------+--------+-----+--------+

Top non-repeatable levels by time:
     D:3: 1664 daAuts
     D:5: 1309 daAuts
     D:2: 1167 daAuts
     D:1: 1075 daAuts
     D:6: 931 daAuts
     D:4: 910 daAuts
     D:8: 24 daAuts
